 Dungeon Crawl Stone Soup version 0.31.0-11-ge490571c62 (webtiles) character file.

Game seed: 302459070940905374

4771 ces the Skirmisher (level 10, -2/41 (46) HPs)
             Began as a Spriggan Hunter on Feb 1, 2024.
             Was an Initiate of Gozag.
             Slain by a killer bee (4 damage)
             ... on level 9 of the Dungeon.
             The game lasted 00:20:35 (8564 turns).

ces the Skirmisher (Spriggan Hunter)                Turns: 8564, Time: 00:20:36

HP:   -2/41 (46)    AC:  2    Str: 13    XL:     10   Next: 23%
MP:   0/20          EV: 24    Int: 10    God:    Gozag
Gold: 301           SH:  0    Dex: 24    Spells: 9/9 levels left

rFire   . . .        p - +0 arbalest
rCold   . . .        (shield currently unavailable)
rNeg    . . .        c - +0 robe
rPois   .            (helmet restricted)
rElec   .            F - scarf {+Inv}
rCorr   .            (gloves unavailable)
SInv    +            (boots unavailable)
Will    +....        e - amulet of guardian spirit
Stlth   +++          l - +6 ring of strength
HPRegen 0.26/turn    h - ring of magical power
MPRegen 0.17/turn

%: guardian spirit
@: on berserk cooldown, attractive, slowed, studying 2 skills, heavily drained,
quick
A: very small, no large weapons, unfitting armour, see invisible, speed 3
a: Renounce Religion, Evoke Invisibility, Potion Petition, Call Merchant, Bribe
Branch


You were on level 9 of the Dungeon.
You worshipped Gozag.
Gozag was aware of your devotion.
You visited 2 branches of the dungeon, and saw 10 of its levels.
You also visited: Ossuary.

You collected 498 gold pieces.
You paid 197 gold pieces to Gozag.

Inventory:

Hand Weapons
 a - a +0 shortbow
 p - a +0 arbalest (weapon)
Missiles
 d - a throwing net
Armour
 c - a +0 robe (worn)
 F - a scarf of invisibility (worn)
Jewellery
 e - an amulet of guardian spirit (around neck)
 h - a ring of magical power (right hand)
 l - a +6 ring of strength (left hand)
 q - a +5 ring of evasion
 D - a ring of protection from cold
 E - an amulet of magic regeneration
Wands
 i - a wand of flame (33)
 o - a wand of digging (7)
 r - a wand of charming (10)
Scrolls
 b - 2 scrolls of identify
 f - 2 scrolls of amnesia {unknown}
 g - 2 scrolls of vulnerability
 m - a scroll of immolation {unknown}
 n - a scroll of noise {unknown}
 s - a scroll of blinking {unknown}
 y - a scroll of fog {unknown}
 A - a scroll of poison {unknown}
 G - a scroll of silence {unknown}
Potions
 j - 2 potions of haste
 v - a potion of might
 x - 2 potions of magic
 z - a potion of brilliance


   Skills:
 - Level 1.6 Fighting
 * Level 14.3 Ranged Weapons
 + Level 7.2 Dodging
 + Level 2.8 Stealth
 + Level 1.5 Evocations


You had 9 spell levels left.
You didn't know any spells.
Your spell library contained the following spells:

 Spells                   Type           Power      Damage    Failure   Level
 Kiss of Death            Conj/Necr      0%         2d5       36%         1
 Summon Small Mammal      Summ           0%         N/A       36%         1
 Call Canine Familiar     Summ           0%         N/A       75%         3
 Confusing Touch          Hex            0%         N/A       75%         3
 Dispel Undead            Necr           0%         3d6       98%         4
 Summon Blazeheart Golem  Fire/Summ      0%         N/A       98%         4
 Orb of Destruction       Conj           0%         9d5       100%        7
 Spellforged Servitor     Conj/Summ      0%         N/A       100%        7


Dungeon Overview and Level Annotations

Branches:
Dungeon (9/15)             Temple (1/1) D:7            Lair (0/5) D:9
Ossuary (visited)
    Orc: D:9-12

Altars:
Ashenzari
Cheibriados
Dithmenos
Elyvilon
Fedhas
Gozag
Hepliaklqana
Kikubaaqudgha
Makhleb
Nemelex Xobeh
Okawaru
Qazlal
Ru
Sif Muna
Trog
Uskayaw
Vehumet
Wu Jian
Xom
Yredelemnul
Zin
The Shining One

Annotations:
D:6 2 transporters, Prince Ribbit
D:7 1 runed translucent door, snydleywhiplash's ghost, novice MiFi


Innate Abilities, Weirdness & Mutations

You are very small and have problems with some larger weapons.
You are too small for most types of armour.
You have supernaturally acute eyesight. (SInv)
You cover ground extremely quickly. (Speed+++)


Message History

The vampire attacks as it pursues you!
The vampire hits you but does no damage.
The vampire bites you!
* * * LOW HITPOINT WARNING * * *
The vampire draws strength from your injuries!
The killer bee is attracted toward you. x2
Okay, then.
Okay, then.
Okay, then.
Okay, then.
Okay, then.
Okay, then.
Okay, then.
Aiming: Charm
Press: ? - help, Shift-Dir - straight line, f - killer bee
Aim: a killer bee (chance to affect: 62%)
The killer bee is charmed.
The killer bee buzzes angrily.
The killer bee misses your killer bee. x2
You hear an angry buzzing noise.
You hear a shout!
The vampire attacks as it pursues you! The vampire hits you.
* * * LOW HITPOINT WARNING * * *
The vampire bites you!
* * * LOW HITPOINT WARNING * * *
The vampire draws strength from your injuries!
The vampire completely misses you. The vampire closely misses you.
The killer bee closely misses you.
The killer bee stings your killer bee but does no damage.
Your killer bee stings the killer bee.
The killer bee is poisoned.
Your killer bee poisons the killer bee!
The orc is attracted toward you.
A killer bee comes into view.
Your killer bee stings the killer bee but does no damage.
The killer bee completely misses you. The vampire attacks as it pursues you!
The vampire hits you.
* * * LOW HITPOINT WARNING * * *
The vampire completely misses you. The orc is attracted toward you.
The killer bee is attracted toward you. The killer bee stings you.
You die...
Your body crumbles into a pile of gold.

.#.###.#.. .... #.. .#.......#
... #.. ......#.### ## #..
####### #..##..... ...####.#
...§..###§.##.... .........
.§....§§§§.##..# ..#####y#
§....§#§##§##.V## #.### #k#
..§.oo#.#..§ooV.###.# ......#.#
.....§#.#..##yyy@...# ......#.#
...........##...####.............
........##........ .......#.#
........##.#..y...# ......#.>
.................... .........
........##.#..#.###.# ......###
..?.....##.#.§..# .# #...#.#§§
..##.### #..## #...# ### .


You could see 2 vampires, 3 killer bees, 2 orcs and a friendly killer bee
(charmed).

Vanquished Creatures
  A gargoyle (D:6)
  Grinder (D:4)
  A wyvern (D:7)
  An acid dragon (D:8)
  3 water moccasins
  2 orc warriors
  2 ice beasts
  A sky beast (D:7)
  2 black bears
  An ogre (D:6)
  5 centaurs
  A phantom (D:6)
  An elf zombie (Ossuary)
  A gnoll sergeant (D:5)
  3 bullfrogs
  2 scorpions (D:6)
  6 wights (D:7)
  12 killer bees
  2 howler monkeys
  4 centaur zombies (Ossuary)
  A human zombie (Ossuary)
  A jelly (D:6)
  3 orc priests
  Ijyb (D:4)
  7 hounds
  9 orc wizards
  A sleepcap (D:4)
  3 iguanas
  5 hound zombies (Ossuary)
  2 mummies (Ossuary)
  5 adders
  9 gnolls
  3 adder zombies (Ossuary)
  2 dart slugs (D:2)
  A ribbon worm (D:1)
  25 orcs
  4 endoplasms
  4 giant cockroaches
  8 gnoll zombies (Ossuary)
  2 hobgoblins
  3 jackals (D:4)
  5 kobolds
  3 quokkas
  5 ball pythons
  6 bats
  2 frilled lizards
  4 goblins
  4 jackal zombies (Ossuary)
  5 kobold zombies (Ossuary)
  6 orc zombies (Ossuary)
  4 rats
195 creatures vanquished.

Notes
Turn   | Place    | Note
-------+----------+-------------------------------------------
     0 | D:1      | ces the Spriggan Hunter began the quest for the Orb.
     0 | D:1      | Reached XP level 1. HP: 10/10 MP: 2/2
   286 | D:1      | Reached XP level 2. HP: 14/14 MP: 3/3
   752 | D:2      | Found a faded altar of an unknown god.
  1075 | D:2      | Reached skill level 5 in Ranged Weapons
  1177 | D:2      | Reached XP level 3. HP: 18/18 MP: 4/4
  1536 | D:3      | Found an iron altar of Okawaru.
  1670 | D:3      | Reached XP level 4. HP: 19/22 MP: 5/5
  1779 | D:3      | Found an ancient bone altar of Kikubaaqudgha.
  1781 | D:3      | Reached skill level 6 in Ranged Weapons
  1993 | D:4      | Reached XP level 5. HP: 25/25 MP: 6/6
  1993 | D:4      | Noticed Ijyb
  2027 | D:4      | Killed Ijyb
  2051 | D:4      | Reached skill level 7 in Ranged Weapons
  2054 | D:4      | Found a radiant altar of Vehumet.
  2117 | D:4      | Noticed Grinder
  2120 | D:4      | Paralysed by Grinder for 4 turns
  2126 | D:4      | Killed Grinder
  2127 | D:4      | Reached skill level 8 in Ranged Weapons
  2127 | D:4      | Reached XP level 6. HP: 30/30 MP: 7/7
  2868 | D:5      | Entered Level 5 of the Dungeon
  2898 | D:5      | Found a white marble altar of Elyvilon.
  2916 | D:5      | Reached XP level 7. HP: 33/33 MP: 8/8
  3309 | D:5      | Reached skill level 9 in Ranged Weapons
  3485 | D:5      | Found an ornate altar of the Wu Jian Council.
  3856 | D:5      | Reached skill level 10 in Ranged Weapons
  3856 | D:5      | Reached XP level 8. HP: 26/37 MP: 9/9
  3965 | D:6      | Noticed Prince Ribbit
  4155 | D:6      | Reached skill level 11 in Ranged Weapons
  4427 | D:6      | Found a transporter.
  4576 | D:6      | Found a transporter.
  4624 | D:6      | Noticed a gargoyle
  4628 | D:6      | Killed a gargoyle
  4629 | D:6      | Reached skill level 12 in Ranged Weapons
  4629 | D:6      | Reached XP level 9. HP: 41/41 MP: 10/10
  4718 | D:6      | Found a blossoming altar of Fedhas.
  5193 | D:7      | Found a sand-covered staircase.
  5239 | Ossuary  | Entered an ossuary
  5367 | Ossuary  | Reached skill level 13 in Ranged Weapons
  5673 | D:7      | Reached skill level 5 in Dodging
  6460 | D:7      | Found a hazy altar of Hepliaklqana.
  6480 | D:7      | Noticed snydleywhiplash's ghost (novice MiFi)
  6481 | D:7      | Found a runed translucent door.
  6622 | D:7      | Reached skill level 14 in Ranged Weapons
  6634 | D:7      | Found a staircase to the Ecumenical Temple.
  6701 | D:7      | Found a bloodstained altar of Trog.
  6829 | D:8      | Reached XP level 10. HP: 38/46 MP: 11/11
  6915 | D:8      | Found a broken altar of Ashenzari.
  6921 | D:8      | Noticed a boulder beetle
  7731 | D:9      | Found a staircase to the Lair.
  7844 | Temple   | Entered the Ecumenical Temple
  7860 | Temple   | Became a worshipper of Gozag Ym Sagoz the Greedy
  8079 | D:9      | Reached skill level 1 in Evocations
  8503 | D:9      | Noticed a two-headed ogre
  8562 | D:9      | HP: 2/41 [vampire (5)]
  8564 | D:9      | Slain by a killer bee

Illustrated notes

Levels and vault maps discovered:
D:1:      dpeg_cavernosity, layout_basic
D:2:      kennysheep_big_flooded_room, layout_loops_cross, serial_aquarium,
          aquarium_bridge_island_small [aquarium_subvault_small_water,
          aquarium_subvault_window, aquarium_subvault_bridge,
          aquarium_subvault_wall, aquarium_subvault_wall], aquarium_window_fake,
          aquarium_window_corner, aquarium_window_fake, aquarium_window_1,
          aquarium_view_2c, aquarium_balcony_1a,
          hellmonk_ecumenical_altar_leap_of_faith, hangedman_feature_mirror
D:3:      layout_rooms, lemuel_crystal_altar, okawaru_metal_pillars_1_2
D:4:      layout_basic, vehumet_crystals, uniq_ijyb, uniq_grinder
D:5:      layout_basic, mainiacjoe_overflow_tiny_flanked,
          nzn_wu_jian_contemplation
D:6:      gammafunk_cloud_chamber, layout_basic, fedhas_altar_1,
          minmay_misc_feat_square, minmay_manual_moon, uniq_prince_ribbit1
D:7:      layout_basic, nicolae_overflow_crystal_walls, kennysheep_mini_moat,
          minmay_temple_entry_large_hall, nicolae_ossuary_entry_monument,
          hellmonk_ghost_happy_afterlife, interstate_on_off, minmay_manual_mail
D:8:      layout_loops_ring, mainiacjoe_overflow_small_starburst
D:9:      layout_basic, lair_entry_dummy, kennysheep_generic_room_2
Temple:   dshaligram_water_room_temple

Skill      XL: |  1  2  3  4  5  6  7  8  9 10 |
---------------+-------------------------------+-----
Ranged Weapons | 5 6 8 10 12 14 | 14.3
Dodging        | 6 7 |  7.2
Stealth        | 2 |  2.8
Evocations     | 1 |  1.5
Fighting       | |  1.6

Action                     |  1- 3 |  4- 6 |  7- 9 | 10-12 || total
---------------------------+-------+-------+-------+-------++-------
  Melee: Arbalest          |       |       |       |     1 ||     1
   Fire: Shortbow          |   115 |       |       |       ||   115
         Arbalest          |       |    55 |   376 |    65 ||   496
  Evoke: Wand              |       |       |       |     2 ||     2
    Use: Scroll            |       |       |    10 |     4 ||    14
         Potion            |       |       |     3 |     8 ||    11
 Armour: Robe              |    14 |     4 |    72 |    43 ||   133
  Dodge: Dodged            |    35 |    15 |   161 |   123 ||   334
